 Dungeon Crawl Stone Soup version 0.26-a0-264-g3a47132 (webtiles) character file.

Game seed: 13279757580361324945

12422 Illumine the Thaumaturge (level 11, -7/64 HPs)
             Began as a Deep Elf Conjurer on July 13, 2020.
             Was an Elder of Vehumet.
             Mangled by a seven-headed hydra (9 damage)
             ... on level 2 of the Lair of Beasts.
             The game lasted 00:44:39 (15169 turns).

Illumine the Thaumaturge (Deep Elf Conjurer)       Turns: 15169, Time: 00:44:40

Health: -7/64      AC: 11    Str:  5    XL:     11   Next: 62%
Magic:  27/27      EV: 17    Int: 26    God:    Vehumet [****..]
Gold:   320        SH:  4    Dex: 13    Spells: 1/30 levels left

rFire    + + .     SeeInvis .   i - +5 trident
rCold    + . .     Faith    .   G - +0 buckler
rNeg     . . .     Spirit   .   j - +2 robe {rC+ rF+}
rPois    .         Reflect  .   a - +2 hat
rElec    .         Harm     .   (no cloak)
rCorr    .                      (no gloves)
MR       +....                  g - +0 pair of boots
Stlth    ++........             M - amulet of the acrobat
HPRegen  0.20/turn              w - ring of protection from fire
MPRegen  0.20/turn              A - +4 ring of protection

@: marked
A: no striking features
a: Renounce Religion


You were on level 2 of the Lair of Beasts.
You worshipped Vehumet.
Vehumet was greatly pleased with you.
You were not hungry.

You visited 3 branches of the dungeon, and saw 13 of its levels.
You also visited: Ossuary and Gauntlet.

You collected 665 gold pieces.
You spent 345 gold pieces at shops.

Inventory:

Hand Weapons
 f - a +0 dagger
 i - a +5 trident (weapon)
 t - a +3 trident
 C - a +0 quick blade
 F - a +0 vampiric dagger
Missiles
 r - 311 stones (quivered)
Armour
 a - a +2 hat (worn)
 g - a +0 pair of boots (worn)
 j - a +2 robe of resistance (worn)
 n - a +1 robe of magic resistance
 G - a +0 buckler (worn)
 V - +0 acid dragon scales
Jewellery
 d - the amulet of the Butterfly {Spirit rElec rF+, unknown}
   (You found it in a Gauntlet)

   [amulet of guardian spirit]

   It causes incoming damage to be split between your health and magic.
   It protects you from fire.
   It insulates you from electricity.
 e - the ring of Lysmyot {*Contam Int+5 Dex+6}
   (You found it in a Gauntlet)

   [ring of dexterity]

   It affects your intelligence (+5).
   It affects your dexterity (+6).
   It causes magical contamination when unequipped.
 w - a ring of protection from fire (left hand)
 A - a +4 ring of protection (right hand)
 B - an uncursed ring of flight
 M - an amulet of the acrobat (around neck)
 Q - an uncursed ring of protection from fire
 X - a +6 ring of strength {unknown}
 Z - an uncursed ring of protection from fire
Wands
 x - a wand of random effects (41)
 D - a wand of iceblast (11)
 O - a wand of paralysis (19)
 R - a wand of digging (3)
 S - a wand of disintegration (8)
Scrolls
 o - 4 scrolls of remove curse
 q - a scroll of enchant armour
 v - 7 scrolls of teleportation
 y - a scroll of vulnerability {unknown}
 K - a scroll of amnesia
 L - a scroll of blinking
 N - a scroll of brand weapon {unknown}
 P - a scroll of enchant weapon {unknown}
 U - a scroll of magic mapping
 Y - a scroll of fear {unknown}
Potions
 b - 4 potions of curing
 h - 2 potions of flight
 k - 2 potions of berserk rage
 m - 4 potions of heal wounds
 p - 2 potions of lignification
 s - a potion of invisibility
 u - a potion of stabbing
 z - a potion of ambrosia {unknown}
 E - 2 potions of haste {unknown}
 H - 3 potions of might
 I - 3 potions of brilliance
 J - a potion of degeneration {unknown}
Miscellaneous
 l - a tin of tremorstones (3/3)
 T - 2 boxes of beasts
Comestibles
 c - 61 rations


   Skills:
 + Level 5.8 Fighting
 + Level 9.0 Dodging
 - Level 2.4 Stealth
 + Level 3.1 Shields
 + Level 10.0 Spellcasting
 + Level 9.2 Conjurations
 + Level 8.6 Hexes
 - Level 5.0 Charms
 + Level 6.9 Translocations
 + Level 4.8 Ice Magic
 + Level 2.4 Earth Magic
 + Level 0.0 Evocations


You had one spell level left.
You knew the following spells:

 Your Spells              Type           Power        Failure   Level
a - Magic Dart            Conj           ####         1%          1
b - Searing Ray           Conj           ######       1%          2
c - Dazzling Flash        Conj/Hex       ######       1%          3
d - Iron Shot             Conj/Erth      #####.....   19%         6
e - Iskenderun's Mystic   Conj/Tloc      ######..     1%          4
f - Ozocubu's Armour      Chrm/Ice       #####...     1%          3
g - Hailstorm             Conj/Ice       #####...     1%          4
h - Apportation           Tloc           #####.       1%          1
i - Lee's Rapid Deconstr  Erth           ####......   13%         5

Your spell library contained the following spells:

 Spells                   Type           Power        Failure   Level
 Corona                   Hex            ######.      1%          1
 Freeze                   Ice            ####         1%          1
 Shock                    Conj/Air       ####         1%          1
 Animate Skeleton         Necr           ##....       4%          1
 Sting                    Tmut/Pois      ##..         4%          1
 Summon Small Mammal      Summ           ##..         4%          1
 Confusing Touch          Hex            ######..     1%          3
 Frozen Ramparts          Ice            #####.       1%          3
 Gell's Gravitas          Tloc           #####.....   1%          3
 Inner Flame              Hex/Fire       #####...     1%          3
 Mephitic Cloud           Conj/Pois/Air  ####....     1%          3
 Static Discharge         Conj/Air       #####...     1%          3
 Cause Fear               Hex            ######....   1%          4
 Fulminant Prism          Conj/Hex       ######....   1%          4
 Swiftness                Chrm/Air       ####....     2%          2
 Iskenderun's Battlesphe  Conj/Chrm      #####...     2%          5
 Ignite Poison            Fire/Tmut/Pois ##......     4%          3
 Lightning Bolt           Conj/Air       #####.....   6%          5
 Yara's Violent Unravell  Hex/Tmut       #####.....   7%          5
 Poisonous Vapours        Pois/Air       ##....       8%          2
 Bolt of Magma            Conj/Fire/Erth ####......   8%          5
 Metabolic Englaciation   Hex/Ice        #####.....   9%          5
 Airstrike                Air            ##........   13%         4
 Olgreb's Toxic Radiance  Pois           ##......     13%         4
 Summon Ice Beast         Ice/Summ       ####....     19%         4
 Darkness                 Hex            ######....   22%         6
 Silence                  Hex/Air        #####.....   24%         5
 Summon Mana Viper        Hex/Summ       #####...     24%         5
 Orb of Destruction       Conj           ######....   24%         7
 Petrify                  Tmut/Erth      ###.....     30%         4
 Spellforged Servitor     Conj/Summ      #####.....   82%         7
 Discord                  Hex            ######....   100%        8


Dungeon Overview and Level Annotations

Branches:
Dungeon (10/15)            Temple (1/1) D:4            Lair (2/6) D:10
Ossuary (visited)         Gauntlet (visited)
  Swamp: Lair:2-4    Shoals: Lair:2-4     Snake: Lair:2-4    Spider: Lair:2-4
    Orc: D:9-12

Altars:
Ashenzari
Cheibriados
Dithmenos
Elyvilon
Fedhas
Hepliaklqana
Kikubaaqudgha
Nemelex Xobeh
Okawaru
Qazlal
Trog
Uskayaw
Vehumet
Wu Jian
Xom
Yredelemnul
Zin
The Shining One

Shops:
D:6 =   D:8 *   D:9 (=??

Annotations:
D:3 2 transporters, Strangeliebe's ghost, amateur GrFi
D:9 1 runed translucent door, Unaried's ghost, novice OpBe
D:10 Erolcha
Lair:2 2 transporters, Ulyfel's ghost, journeyman BaIE


Message History

The seven-headed hydra misses you.
You block the seven-headed hydra's attack.
The seven-headed hydra bites you but does no damage.
The seven-headed hydra completely misses you.
You barely miss the blink frog. The blink frog hits you!
The blink frog hits you but does no damage.
You block the six-headed hydra's attack.
The six-headed hydra misses you. The six-headed hydra bites you.
The six-headed hydra completely misses you.
The six-headed hydra bites you.
The six-headed hydra bites you but does no damage.
The seven-headed hydra bites you but does no damage.
The seven-headed hydra bites you.
* * * LOW HITPOINT WARNING * * *
The seven-headed hydra bites you!
* * * LOW HITPOINT WARNING * * *
The seven-headed hydra barely misses you.
The seven-headed hydra completely misses you.
The seven-headed hydra bites you!
You die...

.## #.# #...#### ..# #..######
#.#### ### ..## ##.+.#.#.##
##...P####.# ...###P........#
##......##.#. #..#.#.........#
####.......##<+)
.....##..>.....###.#.........#D..
.#....#........+..(.........##...
.#.............D#F###....Da....#.
.####........aFD@## #.........###
. ###.......F### #.#..###P## #
#P.#.#.#.# ####.P#### ####.a.###
#.#a## ##ยง.## #..# ##a#+####
##.## ##tF.....# #a+#
#P.......###.>........#
.#.#...FF..##.+..........a.


You could see a seven-headed hydra, a six-headed hydra, a cane toad, 2 blink
frogs and 2 soldier ants.

Vanquished Creatures
  A hydra (D:8)
  Pikel (D:4)
  2 oklob plants (Lair:1)
  2 black mambas (Lair:1)
  2 cane toads (Lair:1)
  A komodo dragon (Lair:1)
  A hippogriff (Lair:1)
  Prince Ribbit (D:5)
  2 dream sheep (D:8)
  Sigmund (D:2)
  8 yaks
  2 steam dragons (Lair:2)
  Menkaure (D:4)
  A swamp worm (D:9)
  2 soldier ants (Lair:2)
  2 water moccasins (Lair:1)
  An acid dragon (Gauntlet)
  10 porcupines
  A black bear (D:8)
  3 orc warriors
  5 sky beasts
  3 phantoms
  A wolf (Lair:1)
  5 ogres
  4 centaurs
  4 crocodiles
  5 bullfrogs
  3 big kobolds (D:8)
  A wyvern zombie (D:9)
  4 scorpions
  2 wyvern skeletons
  6 killer bees (D:8)
  11 wights
  3 howler monkeys
  A centaur zombie (D:8)
  A bullfrog zombie (D:5)
  A human zombie (Ossuary)
  4 orc priests
  2 hounds (D:6)
  4 iguanas
  6 orc wizards
  6 worker ants
  2 big kobold zombies (Ossuary)
  A hound zombie (Ossuary)
  2 hound skeletons
  4 mummies (Ossuary)
  A worker ant zombie (D:4)
  6 gnolls
  18 adders
  4 ufetubi
  An ooze (D:1)
  4 adder zombies
  2 adder skeletons
  4 dart slugs
  3 worms
  10 leopard geckos
  24 orcs
  A bat skeleton (D:2)
  7 giant cockroaches
  10 goblins
  10 hobgoblins
  10 jackals
  2 quokkas
  2 ball pythons (D:2)
  A ball python zombie (D:3)
  8 bats
  9 frilled lizards
  2 goblin zombies (Ossuary)
  A hobgoblin zombie (Ossuary)
  8 kobolds
  A kobold zombie (Ossuary)
  A leopard gecko skeleton (D:2)
  2 quokka skeletons
  13 rats
  A rat zombie (Ossuary)
  A butterfly (Lair:1)
  A plant (Lair:1)
304 creatures vanquished.

Vanquished Creatures (others)
  15 fulminant prisms
  10 fungi
  7 plants
32 creatures vanquished.

Grand Total: 336 creatures vanquished

Notes
Turn   | Place    | Note
-------+----------+-------------------------------------------
     0 | D:1      | Illumine the Deep Elf Conjurer began the quest for the Orb.
     0 | D:1      | Reached XP level 1. HP: 10/10 MP: 6/6
   234 | D:1      | Reached XP level 2. HP: 16/16 MP: 6/8
   329 | D:1      | Learned a level 2 spell: Searing Ray
   718 | D:1      | Reached XP level 3. HP: 20/20 MP: 7/9
  1123 | D:1      | Learned a level 3 spell: Dazzling Flash
  1187 | D:1      | Reached skill level 1 in Fighting
  1587 | D:1      | Reached XP level 4. HP: 25/25 MP: 8/11
  1811 | D:2      | Reached skill level 5 in Conjurations
  2020 | D:2      | Reached skill level 4 in Spellcasting
  2020 | D:2      | Reached XP level 5. HP: 30/30 MP: 5/13
  2458 | D:2      | Reached XP level 6. HP: 34/35 MP: 9/15
  2526 | D:2      | Learned a level 4 spell: Fulminant Prism
  2803 | D:2      | Reached skill level 5 in Spellcasting
  3208 | D:2      | Noticed Sigmund
  3483 | D:3      | Found a transporter.
  3483 | D:3      | Noticed Strangeliebe's ghost (amateur GrFi)
  3488 | D:3      | Found a transporter.
  3589 | D:3      | Learned a level 4 spell: Iskenderun's Mystic Blast
  4326 | D:4      | Noticed Pikel
  4340 | D:4      | Killed Pikel
  4340 | D:4      | Reached skill level 5 in Dodging
  4340 | D:4      | Reached XP level 7. HP: 36/41 MP: 6/17
  4548 | D:4      | Found a staircase to the Ecumenical Temple.
  4556 | Temple   | Entered the Ecumenical Temple
  4603 | Temple   | Became a worshipper of Vehumet
  4681 | D:4      | Noticed Menkaure
  4720 | D:5      | Entered Level 5 of the Dungeon
  4797 | D:5      | Reached skill level 6 in Spellcasting
  5039 | D:5      | Reached XP level 8. HP: 46/46 MP: 11/19
  5521 | D:5      | Reached * piety under Vehumet
  5521 | D:5      | Offered knowledge of Freeze by Vehumet.
  5716 | D:5      | Noticed Prince Ribbit
  5731 | D:5      | Killed Prince Ribbit
  5731 | D:5      | Reached skill level 7 in Spellcasting
  5994 | D:5      | Found an ornate altar of the Wu Jian Council.
  6369 | D:2      | Killed Sigmund
  6927 | D:4      | Killed Menkaure
  6927 | D:4      | Reached skill level 5 in Hexes
  6927 | D:4      | Reached XP level 9. HP: 52/52 MP: 9/22
  7553 | D:6      | Found Pupe's Jewellery Boutique.
  7955 | D:6      | Reached ** piety under Vehumet
  7955 | D:6      | Offered knowledge of Sandblast by Vehumet.
  8067 | D:6      | Reached skill level 8 in Spellcasting
  8188 | D:7      | Learned a level 3 spell: Ozocubu's Armour
  8193 | D:7      | Learned a level 4 spell: Hailstorm
  8331 | D:7      | Reached skill level 1 in Charms
  8666 | D:7      | Reached skill level 1 in Ice Magic
  9175 | D:8      | Reached skill level 5 in Translocations
  9256 | D:8      | Found a sand-covered staircase.
  9261 | Ossuary  | Entered an ossuary
  9284 | Ossuary  | Offered knowledge of Conjure Flame by Vehumet.
  9470 | Ossuary  | Reached *** piety under Vehumet
  9582 | D:8      | Reached XP level 10. HP: 40/58 MP: 20/24
  9587 | D:8      | Learned a level 1 spell: Apportation
  9811 | D:8      | Found Egowuu's Assorted Antiques.
  9817 | D:8      | Bought a runed papyrus book for 345 gold pieces
  9853 | D:8      | Reached skill level 1 in Shields
  9908 | D:8      | Noticed a two-headed hydra
  9932 | D:8      | Killed a two-headed hydra
  9932 | D:8      | Reached skill level 5 in Fighting
 10310 | D:8      | Offered knowledge of Ignite Poison by Vehumet.
 10310 | D:8      | Reached skill level 9 in Spellcasting
 10441 | D:8      | Found a hide-covered altar of Uskayaw.
 10441 | D:8      | Found a glowing silver altar of Zin.
 10445 | D:8      | Found a hazy altar of Hepliaklqana.
 10851 | D:9      | Found Ezxefeus's Jewellery Emporium.
 10856 | D:9      | Found a blossoming altar of Fedhas.
 11186 | D:9      | Found Keche's Weapon Emporium.
 11244 | D:9      | Found a runed translucent door.
 11245 | D:9      | Noticed Unaried's ghost (novice OpBe)
 11324 | D:9      | Found Fodo's Magic Scroll Shoppe.
 11373 | D:9      | Found Wukhlag's Magic Scroll Shoppe.
 11402 | D:9      | Found a basalt altar of Yredelemnul.
 11530 | D:9      | Found a stormy altar of Qazlal.
 11947 | D:10     | Entered Level 10 of the Dungeon
 12031 | D:10     | Reached **** piety under Vehumet
 12052 | D:10     | Reached skill level 5 in Charms
 12131 | D:10     | Reached XP level 11. HP: 64/64 MP: 23/26
 12164 | D:10     | Noticed Erolcha
 12180 | D:10     | Found a staircase to the Lair.
 12189 | Lair:1   | Entered Level 1 of the Lair of Beasts
 12268 | Lair:1   | Offered knowledge of Lee's Rapid Deconstruction by Vehumet.
 12344 | Lair:1   | Learned a level 5 spell: Lee's Rapid Deconstruction
 12400 | Lair:1   | Found a gate leading to a gauntlet.
 12413 | Gauntlet | Entered a Gauntlet
 12413 | Gauntlet | Found a transporter.
 12413 | Gauntlet | Found a transporter.
 12618 | Gauntlet | Found a transporter.
 12630 | Gauntlet | Found a transporter.
 12647 | Gauntlet | Found a transporter.
 12647 | Gauntlet | Found a transporter.
 12647 | Gauntlet | Noticed a catoblepas
 12649 | Gauntlet | Found a transporter.
 12650 | Gauntlet | Found a transporter.
 12650 | Gauntlet | Found a transporter.
 12652 | Gauntlet | Noticed an orange crystal statue
 12652 | Gauntlet | Noticed a wizard
 12653 | Gauntlet | Noticed a wizard
 12662 | Gauntlet | Found a transporter.
 12678 | Gauntlet | Found a transporter.
 12688 | Gauntlet | Found a transporter.
 12689 | Gauntlet | Noticed a dire elephant
 12718 | Gauntlet | Identified the ring of Vehumet's Fury {+Blink MR++ Dex+4
                  | Stlth+}
 12718 | Gauntlet | Noticed a minotaur
 12754 | Gauntlet | Found a transporter.
 12774 | Gauntlet | Found a transporter.
 12774 | Gauntlet | Noticed an oklob plant
 12783 | Gauntlet | Noticed a fire crab
 12871 | Gauntlet | Got a bound amethyst amulet
 12900 | Gauntlet | Got a smoking golden ring
 12972 | Gauntlet | Identified Uheimonn's Handbook of Bewitchment
 13340 | Lair:1   | Reached skill level 1 in Earth Magic
 13720 | Lair:1   | Identified the ring of Lysmyot {*Contam Int+5 Dex+6} (You
                  | found it in a Gauntlet)
 13887 | Lair:1   | Noticed an oklob plant
 13887 | Lair:1   | Noticed an oklob plant
 13897 | Lair:1   | Killed an oklob plant
 13909 | Lair:1   | Killed an oklob plant
 14807 | Lair:2   | Noticed a six-headed hydra
 14828 | Lair:2   | Learned a level 6 spell: Iron Shot
 14846 | Lair:2   | Reached skill level 10 in Spellcasting
 15123 | Lair:2   | Found a transporter.
 15127 | Lair:2   | Found a bloodstained altar of Trog.
 15129 | Lair:2   | Noticed Ulyfel's ghost (journeyman BaIE)
 15134 | Lair:2   | Found a transporter.
 15152 | Lair:2   | Noticed a seven-headed hydra
 15169 | Lair:2   | HP: 2/64 [seven-headed hydra (17)]
 15169 | Lair:2   | Mangled by a seven-headed hydra

Illustrated notes

Levels and vault maps discovered:
D:1:      arrival_zaba_pyramid, layout_basic, fountainhead,
          hangedman_decor_peaks_small, minmay_rat_gold_closets
D:2:      layout_loops_cross, serial_undead, serial_undead_a, serial_undead_e,
          serial_undead_c, serial_undead_f, minmay_misc_feat_x,
          minmay_pentomino_u4, uniq_sigmund
D:3:      layout_basic, gammafunk_ghost_arena, first_ration,
          kennysheep_minor_cross
D:4:      layout_loops_cross, minmay_temple_entry_slanted, uniq_pikel,
          uniq_menkaure
D:5:      layout_rooms, lemuel_doored_altar, hangedman_glass_teeth,
          minmay_lizard_king, uniq_prince_ribbit1
D:6:      layout_rooms, serial_shops, shop
D:7:      layout_loops_ring
D:8:      layout_loops_ring, nicolae_overflow_hidden_temple, enter_ossuary_5,
          serial_shops, shop, hangedman_ranch [blue_anna_fruit_fields],
          minmay_diced_spiral
D:9:      layout_loops_ring, lemuel_crystal_altar, yredelemnul_altar_generic,
          gammafunk_ghost_grave, serial_shops, shop, shop, kennysheep_mini_moat,
          shop_scrolls, basic_altar, worms_lemuel
D:10:     layout_irregular_city, due_lair_maze_entry_diamond, orc_0_dummy,
          basic_altar, serial_shops, kennysheep_little_box, uniq_erolcha,
          uniq_nergalle
Temple:   eino_temple_rhombus
Lair:1:   layout_cave_pods, gauntlet_entry_generic, serial_bayou_pond_c,
          beast_lair_carwin_2, minmay_lair_oklob_chamber, lemuel_fruit_fields
Lair:2:   layout_roguey, gammafunk_ghost_wrathful_warriors, minivault_29

Skill      XL: |  1  2  3  4  5  6  7  8  9 10 11 |
---------------+----------------------------------+-----
Dodging        | 3 4 5 6 7 8 9 |  9.0
Fighting       | 1 2 3 4 5 |  5.8
Conjurations   | 5 6 7 8 9 |  9.2
Spellcasting   | 4 5 6 7 8 9 10 | 10.0
Hexes          | 3 5 6 7 8 |  8.6
Translocations | 2 3 5 6 |  6.9
Charms         | 2 5 |  5.0
Ice Magic      | 2 3 4 |  4.8
Shields        | 2 3 |  3.1
Earth Magic    | 2 |  2.4
Stealth        | |  2.4

Action                   |  1- 3 |  4- 6 |  7- 9 | 10-12 || total
-------------------------+-------+-------+-------+-------++-------
Melee: Dagger            |     3 |     3 |       |       ||     6
       Trident           |       |       |    26 |    25 ||    51
 Cast: Magic Dart        |    61 |   128 |   148 |    97 ||   434
       Searing Ray       |     3 |    21 |    48 |    69 ||   141
       Dazzling Flash    |       |       |     5 |     5 ||    10
       Fulminant Prism   |       |       |     4 |    11 ||    15
       Iskenderun's Myst |       |       |     1 |     3 ||     4
       Ozocubu's Armour  |       |       |     1 |       ||     1
       Hailstorm         |       |       |       |     2 ||     2
       Apportation       |       |       |       |     5 ||     5
       Lee's Rapid Decon |       |       |       |     2 ||     2
       Iron Shot         |       |       |       |     1 ||     1
  Use: Scroll            |       |     7 |     7 |    14 ||    28
       Potion            |       |       |       |     4 ||     4
 Stab: Sleeping          |     1 |       |       |       ||     1
  Eat: Ration            |     1 |     2 |     5 |     5 ||    13
Armor: Robe              |     3 |     6 |    32 |    18 ||    59
Dodge: Dodged            |     9 |    21 |   101 |   108 ||   239
Block: Buckler           |       |       |       |     9 ||     9

Table legend:
 A = Non-vault XP
 B = Vault XP
 C = Vault XP percentage of total XP
 D = Non-vault monster count
 E = Vault monster count
 F = Vault count percentage of total count
                 A         B        C        D         E       F
            +---------+---------+-------+---------+---------+-------
      Total |   10522 |    7225 |  40.7 |     231 |      71 |  23.5
            +---------+---------+-------+---------+---------+-------
        D:1 |      83 |       6 |   6.7 |      30 |       6 |  16.7
        D:2 |     370 |     258 |  41.1 |      42 |      10 |  19.2
        D:3 |      40 |       0 |   0.0 |      17 |       0 |   0.0
        D:4 |     136 |     823 |  85.8 |      14 |       2 |  12.5
        D:5 |     827 |     308 |  27.1 |      33 |       7 |  17.5
        D:6 |     960 |       0 |   0.0 |      19 |       0 |   0.0
        D:7 |     805 |       0 |   0.0 |      12 |       0 |   0.0
        D:8 |    1214 |    2336 |  65.8 |      20 |      11 |  35.5
        D:9 |    1539 |     160 |   9.4 |      20 |       1 |   4.8
       D:10 |      13 |    1017 |  98.7 |       1 |       8 |  88.9
     Lair:1 |    3759 |    1613 |  30.0 |      17 |       6 |  26.1
     Lair:2 |     776 |     346 |  30.8 |       6 |       3 |  33.3
    Ossuary |       0 |     207 | 100.0 |       0 |      16 | 100.0
   Gauntlet |       0 |     151 | 100.0 |       0 |       1 | 100.0
            +---------+---------+-------+---------+---------+-------
